 Dungeon Crawl Stone Soup version 0.32-a0-841-g4648e6c457 (webtiles) character file.

Game seed: 9600322089740604106

53 Fodor the Covered (level 3, -4/34 HPs)
             Began as a Minotaur Fighter on Mar 26, 2024.
             Slain by Terence
             ... wielding a +0 flail
              (8 damage)
             ... on level 2 of the Dungeon.
             The game lasted 00:02:55 (914 turns).

Fodor the Covered (Minotaur Fighter)                 Turns: 914, Time: 00:02:58

Health: -4/34      AC:  7    Str: 22    XL:     3   Next: 64%
Magic:  2/2        EV:  8    Int:  5    God:
Gold:   65         SH:  4    Dex:  9    Spells: 2/2 levels left

rFire   . . .        a - +0 war axe
rCold   . . .        c - +0 buckler
rNeg    . . .        b - +0 scale mail
rPois   .            (helmet restricted)
rElec   .            (no cloak)
rCorr   .            (no gloves)
SInv    .            (no boots)
Will    .....        (no amulet) Stlth
                     (no ring)
HPRegen 0.25/turn    (no ring)
MPRegen 0.08/turn

%: no passive effects
@: no status effects
A: horns 2, retaliatory headbutt
a: no special abilities


You were on level 2 of the Dungeon.
You visited 1 branch of the dungeon, and saw 2 of its levels.

You collected 65 gold pieces.

Inventory:

Hand Weapons
 a - a +0 war axe (weapon)
Armour
 b - a +0 scale mail (worn)
 c - a +0 buckler (worn)
Jewellery
 e - an amulet of reflection
Scrolls
 f - a scroll of acquirement {unknown}
Potions
 d - a potion of might


   Skills:
 + Level 4.3 Fighting
 + Level 2.9 Axes
 + Level 4.3 Armour
 + Level 0.1 Dodging
 + Level 4.1 Shields


You had 2 spell levels left.
You didn't know any spells.
Your spell library was empty.

Dungeon Overview and Level Annotations

Branches:
Dungeon (2/15)

Altars:

Annotations:
D:2 Terence


Innate Abilities, Weirdness & Mutations

You have a pair of horns on your head.
You reflexively headbutt those who attack you in melee.


Message History

The adder is moderately wounded.
You feel very sick. The adder misses you. You furiously retaliate!
You headbutt the adder. The adder bites you but does no damage.
You hit the adder.
The adder is severely wounded.
You feel sick. The adder bites you. x2
You are more poisoned.
The adder poisons you!
You closely miss the adder. You headbutt the adder.
You kill the adder!
You feel very sick.
Terence the Incautious comes into view.
He is wielding a +0 flail and wearing a +2 ring mail of cold resistance.
The adder barely misses you. You furiously retaliate!
You headbutt the adder.
Terence shouts!
You hit the adder.
The adder is lightly wounded.
You feel sick.
You hear an angry hiss.
You hear a shout!
The adder bites you but does no damage. The adder bites you.
You closely miss the adder.
The adder is lightly wounded.
You feel sick. The adder bites you. The adder completely misses you.
You miss the adder.
The adder is lightly wounded.
You feel sick. The adder barely misses you. You furiously retaliate!
You headbutt the adder!
You kill the adder!
You feel sick. Terence hits you with a +0 flail.
* * * LOW HITPOINT WARNING * * *
You barely miss Terence.
You feel sick.
A goblin comes into view. It is wielding a +0 club.
You block Terence's attack.
You hit Terence. You headbutt Terence!
Terence is severely wounded.
You feel sick.
You are no longer poisoned.
Terence hits you with a +0 flail!
You die...
Terence says, "That felt goooood."

#.### #..... ....#
#...# #...# #...#
#...#######.#. .
#..@@.........
...####...####..#.#.
....g.............#
.......<..........#
.........(.S.....##
##.##.#.!.#.##... .
#.#....... .# #
#...#.### # #...#.#


You could see Terence and a goblin.

Vanquished Creatures
  2 adders (D:2)
  A dart slug (D:1)
  4 ball pythons (D:1)
  A bat (D:1)
  6 endoplasms (D:1)
  2 giant cockroaches (D:1)
  A hobgoblin (D:1)
  3 jackals (D:1)
  2 quokkas (D:1)
  3 frilled lizards (D:1)
  3 kobolds (D:1)
28 creatures vanquished.

Notes
Turn   | Place    | Note
-------+----------+-------------------------------------------
     0 | D:1      | Fodor the Minotaur Fighter began the quest for the Orb.
     0 | D:1      | Reached XP level 1. HP: 19/19 MP: 0/0
   152 | D:1      | Reached XP level 2. HP: 25/27 MP: 1/1
   425 | D:1      | Reached XP level 3. HP: 32/33 MP: 2/2
   908 | D:2      | Noticed Terence
   914 | D:2      | Slain by Terence

Illustrated notes

Levels and vault maps discovered:
D:1:      dpeg_arrival_rhombus, layout_basic, serial_forest,
          infiniplex_forest_clump_diagonal, infiniplex_forest_straight_4,
          infiniplex_forest_clump_small, infiniplex_forest_straight_2,
          infiniplex_forest_lined_room_2, infiniplex_forest_clump_curved,
          infiniplex_forest_end_3, infiniplex_forest_fountain,
          chequers_serial_rivers_small_b, minivault_11
D:2:      layout_loops_cross, mrwooster_statue_mirror, uniq_terence

Skill      XL: |  1  2 |
---------------+-------+-----
Fighting       | 4 |  4.3
Armour         | 4 |  4.3
Shields        | 4 |  4.1
Axes           | |  2.9
Dodging        | |  0.1

Action                     || total
---------------------------++-------
  Melee: War axe           ||    97
         Headbutt          ||    26
 Armour: Scale mail        ||    53
  Dodge: Dodged            ||    24
  Block: Buckler           ||    11

Table legend: (Time is in decaauts)
 A = Elapsed time spent in this place.
 B = Non-inter-level travel time spent in this place.
 C = Inter-level travel time spent in this place.
 D = Time resting spent in this place.
 E = Time spent auto-exploring this place.
 F = Levels seen in this place.
 G = Mean time per level.
                   A        B        C        D        E       F      G
               +--------+--------+--------+--------+--------+-----+--------+
         Total |    953 |    892 |     61 |      0 |    582 |   2 |  476.5 |
       Dungeon |    953 |    892 |     61 |      0 |    582 |   2 |  476.5 |
               +--------+--------+--------+--------+--------+-----+--------+

Top non-repeatable levels by time:
     D:1: 933 daAuts
     D:2: 20 daAuts
